 Dungeon Crawl Stone Soup version 0.30-a0-596-g0af90f9a20 (webtiles) character file.

Game seed: 9579520705339528166

644 pokeman the Magician (level 7, -2/39 HPs)
             Began as a Deep Elf Hedge Wizard on Jan 6, 2023.
             Was an Initiate of Vehumet.
             Slain by an ufetubus (4 damage)
             ... on level 5 of the Dungeon.
             The game lasted 00:08:57 (4689 turns).

pokeman the Magician (Deep Elf Hedge Wizard)        Turns: 4689, Time: 00:08:57

Health: -2/39      AC:  4    Str:  7    XL:     7   Next: 26%
Magic:  5/20       EV: 12    Int: 21    God:    Vehumet [......]
Gold:   190        SH:  0    Dex: 14    Spells: 13/21 levels left

rFire   + . .      SeeInvis .    q - +6 sling "Virphochi" {heavy, rC+}
rCold   + . .      Faith    .    (no shield)
rNeg    . . .      Spirit   .    k - +0 leather armour {rF+}
rPois   .          Reflect  .    c - +0 hat
rElec   .          Harm     .    b - +0 cloak
rCorr   .          Rampage  .    (no gloves)
Will    .....                    (no boots)
Stlth   ++                       (no amulet)
HPRegen 0.26/turn                (no ring)
MPRegen 0.17/turn                (no ring)

@: no status effects
A: no striking features
a: Renounce Religion


You were on level 5 of the Dungeon.
You worshipped Vehumet.
Vehumet was noncommittal.
You visited 1 branch of the dungeon, and saw 5 of its levels.

You collected 190 gold pieces.

Inventory:

Hand Weapons
 q - the +6 sling "Virphochi" (weapon) {heavy, rC+}
   (You found it on level 3 of the Dungeon)

   rC:        It protects you from cold.
 s - a +0 dagger of venom
Missiles
 h - 3 throwing nets
Armour
 b - a +0 cloak (worn)
 c - a +0 hat (worn)
 k - a +0 leather armour of fire resistance (worn)
 o - a scarf of harm
Wands
 v - a wand of digging (3)
Scrolls
 a - a scroll of noise {unknown}
 f - a scroll of enchant weapon {unknown}
 i - 7 scrolls of identify {unknown}
 j - a scroll of blinking {unknown}
 l - a scroll of immolation {unknown}
 m - a scroll of acquirement {unknown}
 n - 5 scrolls of amnesia {unknown}
Potions
 d - a potion of magic
 e - a potion of invisibility {unknown}
 g - 3 potions of might {unknown}
 p - a potion of brilliance {unknown}
 r - a potion of heal wounds
 t - 2 potions of cancellation {unknown}
 u - a potion of lignification {unknown}


   Skills:
 + Level 1.9 Fighting
 - Level 1.0 Armour
 - Level 3.0 Dodging
 - Level 3.0 Stealth
 * Level 7.9 Spellcasting
 + Level 3.8 Conjurations
 + Level 2.1 Summonings
 - Level 1.1 Translocations
 - Level 1.2 Air Magic
 - Level 2.0 Poison Magic
 + Level 0.5 Evocations


You had 13 spell levels left.
You knew the following spells:

 Your Spells              Type           Power      Damage    Failure   Level
a - Magic Dart            Conj           96%        1d7       2%          1
b - Mephitic Cloud        Conj/Pois/Air  18%        N/A       13%         3
c - Call Imp              Summ           17%        N/A       8%          2
d - Blink                 Tloc           24%        N/A       12%         2

Your spell library contained the following spells:

 Spells                   Type           Power      Damage    Failure   Level
 Summon Small Mammal      Summ           68%        N/A       4%          1
 Apportation              Tloc           24%        N/A       8%          1
 Necrotise                Necr           32%        1d5       12%         1
 Slow                     Hex            32%        N/A       12%         1
 Cigotuvi's Dreadful Rot  Necr/Pois/Air  24%        N/A       12%         2
 Gell's Gravitas          Tloc           12%        N/A       22%         3
 Teleport Other           Tloc           12%        N/A       22%         3
 Vhi's Electric Charge    Tloc/Air       26%        N/A       22%         3
 Arcjolt                  Conj/Air       9%         1d19      75%         5
 Dispersal                Tloc           6%         N/A       100%        6
 Maxwell's Capacitive Co  Air            6%         ∞         100%        8


Dungeon Overview and Level Annotations

Branches:
Dungeon (5/15)             Temple (0/1) D:4

Altars:
Dithmenos
Okawaru
Trog
Uskayaw
Vehumet
The Shining One


Message History

The magic dart hits the phantom.
The phantom is almost destroyed.
The ufetubus hits you.
* * * LOW HITPOINT WARNING * * *
The ufetubus hits you.
* * * LOW HITPOINT WARNING * * *
The phantom hits you.
* * * LOW HITPOINT WARNING * * *
Casting: Magic Dart (safe; 2% risk of failure)
Confirm with . or Enter, or press ? or * to list all spells.
Aiming: Magic Dart (safe; 2% risk of failure)
Press: ? - help, Shift-Dir - straight line, f/p - phantom
Aim: a phantom (almost destroyed, 100% to hit)
The magic dart hits the phantom.
You destroy the phantom!
Vehumet accepts your kill. The ufetubus completely misses you.
The ufetubus hits you.
* * * LOW HITPOINT WARNING * * *
The ufetubus hits you.
* * * LOW HITPOINT WARNING * * *
The ufetubus hits you but does no damage.
Casting: Magic Dart (safe; 2% risk of failure)
Confirm with . or Enter, or press ? or * to list all spells.
Aiming: Magic Dart (safe; 2% risk of failure)
Press: ? - help, Shift-Dir - straight line, f - ufetubus
Aim: an ufetubus (100% to hit)
The magic dart hits the ufetubus.
The ufetubus is moderately wounded.
The ufetubus hits you but does no damage.
The ufetubus hits you.
* * * LOW HITPOINT WARNING * * *
Casting: Magic Dart (safe; 2% risk of failure)
Confirm with . or Enter, or press ? or * to list all spells.
Aiming: Magic Dart (safe; 2% risk of failure)
Press: ? - help, Shift-Dir - straight line, f/p - ufetubus
Aim: an ufetubus (moderately wounded, 100% to hit)
The magic dart hits the ufetubus.
The ufetubus is heavily wounded.
The ufetubus hits you.
You die...

##+## ##...##
##.....##
##.......##
#.........#
+.........+
#..@5.....#
##.......##
##.....##
##...###
##....# #.
##.....# #.
#......#
###'##'##'###
###.....#.....#


You could see an ufetubus.

Vanquished Creatures
  Edmund (D:4)
  A black bear (D:4)
  A phantom (D:5)
  A necrophage (D:4)
  A jelly (D:5)
  An orc priest (D:3)
  An iguana (D:5)
  An orc wizard (D:5)
  A statue (D:3)
  2 gnolls (D:2)
  2 adders
  2 ufetubi
  2 worms
  4 dart slugs
  4 orcs
  5 ball pythons
  11 endoplasms
  8 giant cockroaches
  8 hobgoblins
  4 jackals
  2 quokkas (D:2)
  5 bats
  2 frilled lizards
  3 goblins
  5 kobolds
  7 rats
85 creatures vanquished.

Vanquished Creatures (collateral kills)
  2 gnolls (D:2)
  A ball python (D:2)
  2 jackals (D:2)
5 creatures vanquished.

Vanquished Creatures (others)
  An orc (D:5)
1 creature vanquished.

Grand Total: 91 creatures vanquished

Notes
Turn   | Place    | Note
-------+----------+-------------------------------------------
     0 | D:1      | pokeman the Deep Elf Hedge Wizard began the quest for the
                  | Orb.
     0 | D:1      | Reached XP level 1. HP: 10/10 MP: 7/7
   223 | D:1      | Reached XP level 2. HP: 16/16 MP: 6/9
   823 | D:1      | Reached skill level 5 in Spellcasting
  1015 | D:1      | Reached XP level 3. HP: 20/20 MP: 7/11
  1026 | D:1      | Learned a level 3 spell: Mephitic Cloud
  1029 | D:1      | Learned a level 2 spell: Call Imp
  1032 | D:1      | Learned a level 2 spell: Blink
  1287 | D:2      | Reached skill level 1 in Armour
  1355 | D:2      | Reached skill level 1 in Fighting
  1503 | D:2      | Reached XP level 4. HP: 19/25 MP: 3/13
  3030 | D:3      | Found a radiant altar of Vehumet.
  3030 | D:3      | Noticed a charred statue
  3043 | D:3      | HP: 1/25 [charred statue/puff of flame (7)]
  3278 | D:3      | Reached skill level 6 in Spellcasting
  3278 | D:3      | Reached XP level 5. HP: 29/29 MP: 9/15
  3422 | D:3      | Identified the +6 sling "Virphochi" {heavy, rC+}
  3726 | D:3      | Found a shadowy altar of Dithmenos.
  3737 | D:3      | Found a hide-covered altar of Uskayaw.
  3764 | D:3      | Killed a charred statue
  3765 | D:3      | Reached skill level 1 in Poison Magic
  3770 | D:3      | Became a worshipper of Vehumet
  3847 | D:4      | Noticed a black bear
  3853 | D:4      | Killed a black bear
  3854 | D:4      | Reached skill level 1 in Air Magic
  3854 | D:4      | Reached XP level 6. HP: 34/34 MP: 13/17
  4043 | D:4      | Found a staircase to the Ecumenical Temple.
  4242 | D:4      | Found a glowing golden altar of the Shining One.
  4245 | D:4      | Noticed Edmund
  4255 | D:4      | Reached skill level 7 in Spellcasting
  4261 | D:4      | Killed Edmund
  4440 | D:5      | Entered Level 5 of the Dungeon
  4451 | D:5      | Reached XP level 7. HP: 38/38 MP: 13/20
  4570 | D:5      | Found an iron altar of Okawaru.
  4657 | D:5      | Found a bloodstained altar of Trog.
  4689 | D:5      | Slain by an ufetubus

Illustrated notes

Levels and vault maps discovered:
D:1:      nicolae_arrival_washed_ashore, layout_basic
D:2:      layout_loops_corners, serial_park_tiny_1,
          hangedman_abyss_or_decor_lesser_grid, minmay_increasing_density
D:3:      layout_basic, vehumet_statue, amethyst_overflow_temple_binary
D:4:      layout_basic, mainiacjoe_overflow_alcove_1,
          minmay_temple_entry_glassed_door, uniq_edmund
D:5:      layout_loops_corners, mainiacjoe_overflow_24_doors,
          okawaru_gym_becter, roderic_batcave, uniq_eustachio

Skill      XL: |  1  2  3  4  5  6  7 |
---------------+----------------------+-----
Spellcasting   | 5 6 7 |  7.9
Armour         | 1 |  1.0
Fighting       | 1 |  1.9
Conjurations   | 2 3 |  3.8
Stealth        | 3 |  3.0
Dodging        | 3 |  3.0
Poison Magic   | 1 2 |  2.0
Air Magic      | 1 |  1.2
Summonings     | 2 |  2.1
Translocations | |  1.1
Evocations     | |  0.5

Action                   |  1- 3 |  4- 6 |  7- 9 || total
-------------------------+-------+-------+-------++-------
Melee: Dagger            |     9 |    11 |       ||    20
       Long sword        |       |    12 |       ||    12
 Fire: Sling             |       |    38 |     5 ||    43
 Cast: Magic Dart        |    94 |   108 |    19 ||   221
       Call Imp          |     2 |     3 |       ||     5
       Mephitic Cloud    |       |     7 |     1 ||     8
 Stab: Sleeping          |       |     1 |       ||     1
Armor: Robe              |     8 |     7 |       ||    15
       Leather armour    |       |     4 |    10 ||    14
Dodge: Dodged            |    12 |    55 |    11 ||    78

Table legend: (Time is in decaauts)
 A = Elapsed time spent in this place.
 B = Non-inter-level travel time spent in this place.
 C = Inter-level travel time spent in this place.
 D = Time resting spent in this place.
 E = Time spent auto-exploring this place.
 F = Levels seen in this place.
 G = Mean time per level.
                   A        B        C        D        E       F      G
               +--------+--------+--------+--------+--------+-----+--------+
         Total |   4742 |   4612 |    130 |    328 |   3642 |   5 |  948.4 |
       Dungeon |   4742 |   4612 |    130 |    328 |   3642 |   5 |  948.4 |
               +--------+--------+--------+--------+--------+-----+--------+

Top non-repeatable levels by time:
     D:2: 1581 daAuts
     D:1: 1319 daAuts
     D:3: 921 daAuts
     D:4: 660 daAuts
     D:5: 259 daAuts
